 Dungeon Crawl Stone Soup version 0.26-a0-591-g04f19ec95a (webtiles) character file.

Game seed: 15163039360025078490

8905 Isi the Cleaver (level 11, -5/97 HPs)
             Began as a Minotaur Berserker on Aug 24, 2020.
             Was an Elder of Trog.
             Slain by an orc warrior
             ... wielding a +0 long sword of freezing
              (12 damage)
             ... on level 10 of the Dungeon.
             The game lasted 00:40:44 (10143 turns).

Isi the Cleaver (Minotaur Berserker)               Turns: 10143, Time: 00:40:47

Health: -5/97      AC: 14    Str: 23 (25) XL:     11   Next: 16%
Magic:  10/10      EV:  5    Int:  3 (4)  God:    Trog [****..]
Gold:   629        SH:  0    Dex:  9 (10) Spells: 10/10 levels left

rFire    + . .     SeeInvis +   z - +2 hand axe "Kiutal" {flame, +Inv rC- SInv}
rCold    x . .     Faith    .   C - +0 buckler
rNeg     . . .     Spirit   .   l - +0 plate armour
rPois    .         Reflect  .   E - +1 hat
rElec    .         Harm     .   (no cloak)
rCorr    .                      y - +1 pair of gloves
MR       +....                  f - +0 pair of boots
Stlth    ..........             w - amulet of regeneration
HPRegen  0.66/turn              i - ring of protection from fire
MPRegen  0.12/turn              (no ring)

@: confused, extremely drained
A: retaliatory headbutt, horns 2, talons 1, magic resistance 1, wild magic 1
a: Berserk, Trog's Hand, Brothers in Arms, Renounce Religion, Evoke Invisibility


You were on level 10 of the Dungeon.
You worshipped Trog.
Trog was greatly pleased with you.
You visited 2 branches of the dungeon, and saw 11 of its levels.

You collected 629 gold pieces.

Inventory:

Hand Weapons
 a - a +2 hand axe of freezing
 z - the +2 hand axe "Kiutal" (weapon) {flame, +Inv rC- SInv}
   (You found it on level 8 of the Dungeon)

   It has been specially enchanted to burn those struck by it, causing extra
   injury to most foes and up to half again as much damage against particularly
   susceptible opponents.
   Big, fiery blades are also staple armaments of hydra-hunters.
   It makes you vulnerable to cold.
   It lets you see invisible.
   It lets you turn invisible.
Missiles
 p - 251 stones (quivered)
Armour
 f - a +0 pair of boots (worn)
 l - a +0 plate armour (worn)
 y - a +1 pair of gloves (worn)
 C - a +0 buckler (worn)
 E - a +1 hat (worn)
Jewellery
 b - an uncursed ring of fire
 i - a ring of protection from fire (left hand)
 w - an amulet of regeneration (around neck)
 F - a +6 ring of intelligence
Wands
 e - a wand of polymorph (7)
 o - a wand of enslavement (29)
 q - a wand of iceblast (10)
 s - a wand of disintegration (7)
 t - a wand of random effects (16)
 u - a wand of digging (1)
Scrolls
 c - 2 scrolls of immolation
 d - a scroll of fear
 g - 6 scrolls of teleportation
 h - 5 scrolls of remove curse
 m - 6 scrolls of identify
 r - 2 scrolls of magic mapping
 v - a scroll of vulnerability
 x - a scroll of fog
 A - a scroll of summoning {unknown}
Potions
 k - a potion of stabbing
 n - a potion of might


   Skills:
 + Level 9.0(0.0) Fighting
 + Level 12.4(0.0) Axes
 - Level 1.0(0.0) Throwing
 * Level 12.4(0.0) Armour
 + Level 4.6(0.0) Dodging
 + Level 5.6(0.0) Shields
 + Level 0.5(0.0) Evocations


You had 10 spell levels left.
You didn't know any spells.
Your spell library was empty.

Dungeon Overview and Level Annotations

Branches:
Dungeon (10/15)            Temple (0/1) D:4            Lair (1/6) D:8
    Orc: D:9-12

Altars:
Cheibriados
Elyvilon
Gozag
Hepliaklqana
Kikubaaqudgha
Nemelex Xobeh
Vehumet
The Shining One

Shops:
D:4 *   D:9 *

Annotations:
Lair:1 Sonja


Innate Abilities, Weirdness & Mutations

You reflexively headbutt those who attack you in melee.
You have a pair of horns on your head.
You have sharp toenails.
You are resistant to hostile enchantments. (MR+)
Your spells are a little harder to cast, but a little more powerful.


Message History

You headbutt the orc warrior, but do no damage.
You closely miss the orc warrior.
The orc warrior is severely wounded.
The orc warrior hits you but does no damage.
The orc warrior hits you with a +0 long sword of freezing!
The orc warrior freezes you.
You hit the orc warrior but do no damage.
The orc warrior is severely wounded.
An orc comes into view.
The orc warrior hits you with a +0 long sword of freezing!
* * * LOW HITPOINT WARNING * * *
The orc warrior freezes you!
* * * LOW HITPOINT WARNING * * *
You are confused.
You feel invigorated.
The orc shouts!
You hear a shout!
The orc warrior hits you with a +0 long sword of freezing!
* * * LOW HITPOINT WARNING * * *
The orc warrior freezes you!
You die...

#########+### #...........#
#...........# # ##>..........# .
#'........[..# .# ##...........#
.. #...........# .g#
##........o†.####
.#.###....o.....@....## #
.o.#.#.#####+#######..#####.#
#)#....# ##........ #o..####
#.≈≈≈≈≈.≈ ##### #######+##
#.≈≈≈≈≈.≈≈ #### ###........#
#.≈≈≈≈≈.≈≈
...###.'........#####.≈≈≈≈≈.≈≈≈≈.
...'...#........'..........)≈≈≈≈.
...#####........####..≈≈≈≈.......


You could see an orc warrior and an orc.

Vanquished Creatures
  Harold (D:8)
  A hydra (D:8)
  Maurice (D:9)
  Joseph (D:8)
  A cane toad (Lair:1)
  Maggie (D:10)
  A troll (D:9)
  A hippogriff (D:9)
  5 yaks (Lair:1)
  2 orc warriors
  5 ice beasts
  3 sky beasts
  7 ogres
  3 phantoms
  5 centaurs
  A crocodile (D:10)
  7 bullfrogs
  A scorpion (D:8)
  10 wights
  20 killer bees
  A howler monkey (D:7)
  2 vampire bats (D:8)
  A bullfrog zombie (D:5)
  4 hounds
  4 orc priests
  2 centaur zombies (D:9)
  5 orc wizards
  A bullfrog skeleton (D:8)
  Terence (D:2)
  Natasha (thrice) (D:2)
  3 iguanas
  3 worker ants
  A hound skeleton (D:6)
  A howler monkey zombie (D:9)
  A worker ant zombie (D:6)
  7 gnolls
  9 adders
  A howler monkey skeleton (D:6)
  A shadow imp (D:7)
  3 white imps
  3 ufetubi
  2 oozes
  2 adder skeletons
  2 worms
  4 dart slugs
  2 leopard geckos
  22 orcs
  2 bat skeletons (D:8)
  4 bat zombies (D:8)
  10 giant cockroaches
  12 goblins
  5 hobgoblins
  8 jackals
  2 quokkas
  A ball python (D:4)
  4 bats
  7 frilled lizards
  9 kobolds
  A quokka skeleton (D:4)
  A quokka zombie (D:6)
  7 rats
  A butterfly (D:4)
242 creatures vanquished.

Vanquished Creatures (collateral kills)
  A killer bee (D:7)
  An iguana (D:7)
  A white imp (D:7)
3 creatures vanquished.

Vanquished Creatures (others)
  6 fungi (Lair:1)
  2 plants (Lair:1)
8 creatures vanquished.

Grand Total: 253 creatures vanquished

Notes
Turn   | Place    | Note
-------+----------+-------------------------------------------
     0 | D:1      | Isi the Minotaur Berserker began the quest for the Orb.
     0 | D:1      | Reached XP level 1. HP: 19/19 MP: 0/0
    34 | D:1      | Reached XP level 2. HP: 27/27 MP: 1/1
   523 | D:1      | Reached XP level 3. HP: 10/33 MP: 2/2
   903 | D:1      | Reached ** piety under Trog
  1221 | D:2      | Noticed Terence
  1227 | D:2      | Killed Terence
  1227 | D:2      | Reached XP level 4. HP: 32/41 MP: 3/3
  1349 | D:2      | Noticed Natasha
  1353 | D:2      | Killed Natasha
  1478 | D:2      | Noticed Natasha
  1492 | D:2      | Killed Natasha
  1492 | D:2      | Reached skill level 5 in Axes
  1549 | D:2      | Noticed Natasha
  1553 | D:2      | Killed Natasha
  1553 | D:2      | Reached skill level 5 in Fighting
  1553 | D:2      | Reached XP level 5. HP: 43/48 MP: 4/4
  1627 | D:2      | Gained mutation: Your spells are a little harder to cast,
                  | but a little more powerful. [potion of mutation]
  1627 | D:2      | Gained mutation: You are resistant to hostile enchantments.
                  | (MR+) [potion of mutation]
  1627 | D:2      | Gained mutation: You have sharp toenails. [potion of
                  | mutation]
  1823 | D:3      | Noticed an ogre
  1842 | D:3      | Killed an ogre
  1891 | D:3      | Reached XP level 6. HP: 15/56 MP: 5/5
  2537 | D:3      | Reached *** piety under Trog
  2704 | D:4      | Found an opulent altar of Gozag.
  2705 | D:4      | Found Gozag's Platinum Reserve.
  2940 | D:4      | Found a staircase to the Ecumenical Temple.
  3232 | D:5      | Entered Level 5 of the Dungeon
  3316 | D:5      | Noticed a sky beast
  3318 | D:5      | Reached XP level 7. HP: 53/62 MP: 6/6
  3326 | D:5      | Reached skill level 1 in Throwing
  3326 | D:5      | Reached skill level 5 in Armour
  3343 | D:5      | Reached skill level 1 in Shields
  3601 | D:5      | Found a glowing golden altar of the Shining One.
  3715 | D:5      | Found a radiant altar of Vehumet.
  3761 | D:6      | Found a white marble altar of Elyvilon.
  3837 | D:6      | Reached XP level 8. HP: 38/70 MP: 7/7
  4857 | D:7      | Found a snail-covered altar of Cheibriados.
  5172 | D:7      | Reached **** piety under Trog
  5172 | D:7      | Reached XP level 9. HP: 61/78 MP: 8/8
  5189 | D:7      | Reached skill level 10 in Axes
  5635 | D:7      | Found a sparkling altar of Nemelex Xobeh.
  5758 | D:7      | Found a hazy altar of Hepliaklqana.
  5913 | D:8      | Noticed Joseph
  5927 | D:8      | Killed Joseph
  6991 | D:8      | Found a staircase to the Lair.
  7093 | D:8      | Reached XP level 10. HP: 81/86 MP: 9/9
  7178 | D:8      | Reached skill level 10 in Armour
  7295 | D:8      | Noticed a six-headed hydra
  7303 | D:8      | Killed a nine-headed hydra
  7408 | D:8      | Got a warped hand axe
  7411 | D:8      | Identified the cursed +2 hand axe "Kiutal" {flame, +Inv rC-
                  | SInv} (You found it on level 8 of the Dungeon)
  7573 | D:8      | Noticed Harold
  7584 | D:8      | Killed Harold
  7584 | D:8      | Reached skill level 5 in Shields
  7763 | D:8      | Found an ancient bone altar of Kikubaaqudgha.
  7831 | Lair:1   | Entered Level 1 of the Lair of Beasts
  7976 | Lair:1   | Noticed a cane toad
  7980 | Lair:1   | Killed a cane toad
  7980 | Lair:1   | Reached ***** piety under Trog
  8068 | Lair:1   | Noticed Sonja
  8407 | D:9      | Noticed Maurice
  8436 | D:9      | Killed Maurice
  8539 | D:9      | Found Mtekk's Merry Market.
  8696 | D:9      | Reached XP level 11. HP: 70/95 MP: 10/10
  9127 | D:10     | Entered Level 10 of the Dungeon
  9951 | D:10     | Noticed Maggie
  9963 | D:10     | Killed Maggie
 10143 | D:10     | Slain by an orc warrior

Illustrated notes

Levels and vault maps discovered:
D:1:      heliophobic_arrival_ceremonial_halls, layout_basic
D:2:      layout_basic, uniq_natasha, uniq_terence
D:3:      layout_loops_ring
D:4:      layout_basic, nicolae_gozag_zags_fifth_avenue,
          minmay_temple_entry_butterflies, serial_glass, glass_columns_c,
          glass_columns_b, glass_columns_b, glass_columns_b, glass_columns_a,
          glass_columns_a, glass_columns_a, glass_columns_c,
          due_unseen_surprise, minmay_strange_pillars, item_on_display_a,
          minmay_strange_pillars
D:5:      layout_rooms, kennysheep_mini_moat, fiery_altar_vehumet
D:6:      layout_basic, nicolae_overflow_hidden_temple
D:7:      layout_loops_ring, lemuel_round_altar, nicolae_overflow_crystal_walls,
          nemelex_xobeh_ov_fountains_minmay, serial_glass, glass_columns_b,
          glass_columns_a
D:8:      layout_loops_ring, kennysheep_vampire_church, lair_entry_dummy,
          uniq_joseph, uniq_harold
D:9:      layout_roguey, nicolae_alphabet_shops, uniq_maurice
D:10:     layout_roguey, erik_orc_3, gammafunk_ghost_wrathful_warriors,
          minivault_14, bh_hangedman_babel_library, uniq_maggie
Lair:1:   layout_long_grid, beast_lair_carwin_10, grunt_megastairs_1,
          lemuel_fruit_tree, serial_bayou_shore_b, serial_bayou_shore_b,
          lemuel_fruit_fields, uniq_sonja, uniq_fannar

Skill      XL: |  1  2  3  4  5  6  7  8  9 10 11 |
---------------+----------------------------------+-----
Axes           | 4 5 6 7 9 11 12 | 12.4
Fighting       | 4 5 6 7 8 9 |  9.0
Dodging        | 3 4 |  4.6
Armour         | 3 4 5 7 9 11 12 | 12.4
Throwing       | 1 |  1.0
Shields        | 2 4 5 |  5.6
Evocations     | |  0.5

Action                   |  1- 3 |  4- 6 |  7- 9 | 10-12 || total
-------------------------+-------+-------+-------+-------++-------
Melee: Hand axe          |    67 |    85 |   276 |   243 ||   671
       Headbutt          |    10 |    16 |    39 |    56 ||   121
       Kick              |       |    13 |    87 |    49 ||   149
Throw: Stone             |       |    17 |       |       ||    17
Invok: Berserk           |       |       |     4 |     4 ||     8
       Trog's Hand       |       |       |     2 |     4 ||     6
       Brothers in Arms  |       |       |     1 |     2 ||     3
Evoke: Wand              |       |       |     2 |       ||     2
  Use: Scroll            |     3 |     6 |     6 |     7 ||    22
       Potion            |       |    11 |     1 |     8 ||    20
Armor: Animal skin       |     3 |       |       |       ||     3
       Ring mail         |    12 |    13 |       |       ||    25
       Plate armour      |       |     9 |   140 |   243 ||   392
Dodge: Dodged            |    46 |    44 |    99 |   110 ||   299
Block: Buckler           |       |     4 |    45 |    53 ||   102

Table legend: (Time is in decaauts)
 A = Elapsed time spent in this place.
 B = Non-inter-level travel time spent in this place.
 C = Inter-level travel time spent in this place.
 D = Time resting spent in this place.
 E = Time spent auto-exploring this place.
 F = Levels seen in this place.
 G = Mean time per level.
                   A        B        C        D        E       F      G
               +--------+--------+--------+--------+--------+-----+--------+
         Total |  10250 |   8673 |   1577 |   2949 |   3933 |  11 |  931.8 |
       Dungeon |   9833 |   8374 |   1459 |   2949 |   3802 |  10 |  983.3 |
          Lair |    416 |    298 |    118 |      0 |    131 |   1 |  416.0 |
               +--------+--------+--------+--------+--------+-----+--------+

Top non-repeatable levels by time:
     D:8: 1527 daAuts
     D:7: 1327 daAuts
     D:6: 1189 daAuts
    D:10: 1057 daAuts
     D:1: 1038 daAuts
     D:3: 806 daAuts
     D:9: 803 daAuts
     D:2: 773 daAuts
     D:4: 732 daAuts
     D:5: 577 daAuts
  Lair:1: 416 daAuts
